 Dungeon Crawl Stone Soup version 0.31-a0-986-g5e6e4ef867 (webtiles) character file.

Game seed: 3130763819209099851

2129 javelincjr the Mimic (level 9, -7/71 HPs)
             Began as a Red Draconian Shapeshifter on Nov 8, 2023.
             Mangled by a yak (11 damage)
             ... on level 6 of the Dungeon.
             The game lasted 00:19:50 (6426 turns).

javelincjr the Mimic (Red Draconian Shapeshifter)   Turns: 6426, Time: 00:19:51

Health: -7/71      AC:  7    Str: 21    XL:     9   Next: 8%
Magic:  9/9        EV: 13    Int:  8    God:
Gold:   309        SH:  0    Dex: 11    Spells: 8/8 levels left

rFire   + . .        C - melded +3 flail (protect)
rCold   . . .        (shield currently unavailable)
rNeg    . . .        (body armour unavailable)
rPois   .            (helmet restricted)
rElec   .            (no cloak)
rCorr   +            (no gloves)
SInv    +            (no boots)
Will    .....        (no amulet)
Stlth   +            t - ring of see invisible
HPRegen 0.31/turn    x - ring of resist corrosion
MPRegen 0.11/turn

%: no passive effects
@: flux-form, glowing
A: glow, contaminating, breathe fire, AC +7, unfitting armour, fire resistance
1, cold-blooded, beak, hooves 1, dopey 1, wild magic 1
a: Breathe Fire, Begin Untransformation


You were on level 6 of the Dungeon.
You were something dangerously unstable.
You visited 1 branch of the dungeon, and saw 7 of its levels.

You collected 309 gold pieces.

Inventory:

Hand Weapons
 d - a +2 antimagic flail
 e - a +3 trident of draining
 s - a +0 spear
 w - a +1 whip of electrocution
 C - a +3 flail of protection (melded)
Missiles
 l - 3 curare-tipped darts
 o - 59 stones
 z - 12 poisoned darts (quivered)
Armour
 i - a +0 pair of gloves
 j - an orb of mayhem
 r - a +2 cloak of willpower
Jewellery
 q - an amulet of faith
 t - a ring of see invisible (left hand)
 x - a ring of resist corrosion (right hand)
 y - a ring of ice
 D - a ring of positive energy
 F - a ring of ice
Talismans
 b - a beast talisman
 c - a flux talisman (active)
Wands
 k - a wand of roots (9)
 A - a wand of polymorph (10)
Scrolls
 f - 2 scrolls of vulnerability
 m - 3 scrolls of silence
 p - 2 scrolls of enchant armour
 E - a scroll of fear {unknown}
Potions
 a - a potion of lignification
 g - 2 potions of curing
 h - a potion of invisibility
 n - a potion of might
 u - 2 potions of attraction
 v - a potion of haste
 B - 3 potions of magic
 G - a potion of mutation


   Skills:
 + Level 4.1 Fighting
 + Level 4.2 Dodging
 + Level 4.8 Unarmed Combat
 * Level 9.5 Shapeshifting


You had 8 spell levels left.
You didn't know any spells.
Your spell library was empty.

Dungeon Overview and Level Annotations

Branches:
Dungeon (7/15)
 Temple: D:4-7

Altars:
Ru


Innate Abilities, Weirdness & Mutations

You are something dangerously unstable.
You glow with magical radiation, making you easy to see and hit.
Foes you strike become dangerously contaminated with magical radiation.
You are incapable of wielding weapons or throwing items.
You can breathe blasts of fire.
Your fiery red scales are hard. (AC +7)
You cannot fit into any form of body armour.
Your flesh is heat resistant. (rF+)
You are cold-blooded and may be slowed by cold attacks.
You have a beak for a mouth.
You have large cloven feet.
You are dopey. (Int -2)
Your spells are a little harder to cast, but a little more powerful.


Message History

The yak gores you!
You hit the yak.
The yak begins to glow.
The yak is lightly wounded.
The yak closely misses you. The yak gores you!
You hit the yak but do no damage.
The yak glows dangerously bright.
The yak is lightly wounded.
The yak gores you! x2
You are too injured to fight recklessly!
You are too injured to fight recklessly!
You hit the yak.
The yak shudders as magic cascades through it!!
The yak twists and deforms.
The yak is severely wounded.
The yak barely misses you.
You hit the yak but do no damage.
The yak begins to glow.
Your tail-slap misses the yak.
The yak gores you.
* * * LOW HITPOINT WARNING * * *
The yak barely misses you. The yak gores you but does no damage.
You climb upwards.
There is a stone staircase leading down here.
You hit the yak.
The yak glows dangerously bright.
You peck the yak, but do no damage.
You tail-slap the yak, but do no damage.
The yak is lightly wounded.
The yak closely misses you. The yak gores you!
* * * LOW HITPOINT WARNING * * *
You hit the yak.
The yak shudders as magic cascades through it!
The yak twists and deforms.
Your kick misses the yak. You peck the yak.
The yak is severely wounded.
You closely miss the yak. You kick the yak. You peck the yak.
The yak is severely wounded.
The yak barely misses you. The yak gores you.
* * * LOW HITPOINT WARNING * * *
You hit the yak.
The yak begins to glow.
You kick the yak.
The yak is almost dead.
The yak gores you.
* * * LOW HITPOINT WARNING * * *
The yak gores you!
You die...

.# #.# #.# .# #.# #.# .#
#.# #.# ######## #.# #.#
.......#####.# #.#
...........#.# #.#
###...######.# #.#
.............######.#####
.......)...))...pY......#
..##########.#...Y#.#.###
#.# #.#.#..#.#.# ..#
####......#.#.#
#########.####.#..#.#.#
..........# #.#..#.#.#
.......##.####.#.##.#.#
......................#
.......##.####.#.##.###


You could see 2 yaks.

Vanquished Creatures
  Jeremiah (D:6)
  Grinder (D:5)
  Eustachio (D:5)
  A yak (D:7)
  Edmund (D:4)
  An acid dragon (D:6)
  2 ice beasts (D:6)
  A black bear (D:6)
  A centaur (D:6)
  A bullfrog (D:6)
  2 scorpions
  A howler monkey (D:6)
  A hound (D:4)
  A jelly (D:5)
  A gnoll bouda (D:6)
  An orc priest (D:6)
  5 iguanas
  Natasha (twice) (D:2)
  7 gnolls
  6 adders
  A white imp (D:6)
  2 ufetubi (D:5)
  2 worms (D:2)
  6 dart slugs
  23 orcs
  2 bats
  6 endoplasms
  4 giant cockroaches
  6 goblins
  11 hobgoblins
  11 jackals (D:1)
  8 kobolds
  9 quokkas
  7 ball pythons
  A frilled lizard (D:1)
  7 rats
144 creatures vanquished.

Notes
Turn   | Place    | Note
-------+----------+-------------------------------------------
     0 | D:1      | javelincjr the Draconian Shapeshifter began the quest for
                  | the Orb.
     0 | D:1      | Reached XP level 1. HP: 16/16 MP: 1/1
   164 | D:1      | Reached XP level 2. HP: 22/23 MP: 2/2
   338 | D:1      | Reached XP level 3. HP: 20/28 MP: 3/3
   770 | D:1      | Reached skill level 4 in Shapeshifting
   983 | D:2      | Found a faded altar of an unknown god.
  1228 | D:2      | Reached XP level 4. HP: 35/35 MP: 4/4
  1608 | D:2      | Noticed Natasha
  1618 | D:2      | Killed Natasha
  1619 | D:2      | Reached skill level 5 in Shapeshifting
  1840 | D:2      | Noticed Natasha
  1846 | D:2      | Killed Natasha
  1847 | D:2      | Reached XP level 5. HP: 31/40 MP: 5/5
  2957 | D:4      | Noticed Edmund
  2991 | D:4      | Gained mutation: You have a beak for a mouth. [potion of
                  | mutation]
  2991 | D:4      | Gained mutation: You have large cloven feet. [potion of
                  | mutation]
  2991 | D:4      | Gained mutation: You are dopey. (Int -2) [potion of
                  | mutation]
  2991 | D:4      | Gained mutation: Your spells are a little harder to cast,
                  | but a little more powerful. [potion of mutation]
  2996 | D:4      | Killed Edmund
  2997 | D:4      | Reached skill level 6 in Shapeshifting
  2997 | D:4      | Reached XP level 6. HP: 20/47 MP: 1/6
  3885 | D:5      | Entered Level 5 of the Dungeon
  3902 | D:5      | Found a sacrificial altar of Ru.
  4034 | D:5      | Reached skill level 7 in Shapeshifting
  4097 | D:5      | Your scales start taking on a fiery red colour.
  4097 | D:5      | Reached XP level 7. HP: 43/52 MP: 7/7
  4097 | D:5      | Gained mutation: Your flesh is heat resistant. (rF+) [Red
                  | Draconian growth]
  4173 | D:5      | Noticed Grinder
  4176 | D:5      | Killed Grinder
  4177 | D:5      | Reached skill level 8 in Shapeshifting
  4275 | D:5      | You fall into a shaft and drop 2 floors!
  4427 | D:6      | Reached XP level 8. HP: 61/61 MP: 8/8
  4535 | D:6      | Noticed Jeremiah
  5266 | D:5      | Noticed Eustachio
  5272 | D:5      | Killed Eustachio
  5273 | D:5      | Reached skill level 9 in Shapeshifting
  5666 | D:6      | Killed Jeremiah
  6160 | D:6      | Reached XP level 9. HP: 62/71 MP: 9/9
  6426 | D:6      | Mangled by a yak

Illustrated notes

Levels and vault maps discovered:
D:1:      psy_arrival_basics, layout_basic, minmay_misc_feat_ornament
D:2:      layout_rooms, nicolae_ecumenical_pavilion, uniq_natasha
D:3:      layout_loops_ring
D:4:      layout_basic, uniq_edmund
D:5:      layout_basic, nicolae_ru_awakened_eye, uniq_grinder, uniq_eustachio
D:6:      layout_basic, uniq_jeremiah
D:7:      layout_rooms, minmay_temple_entry_junction, minmay_liquid_box,
          nicolae_shop_overcharged_wands, uniq_menkaure

Skill      XL: |  1  2  3  4  5  6  7  8 |
---------------+-------------------------+-----
Dodging        | 2 4 |  4.2
Shapeshifting  | 4 5 6 7 8 9 |  9.5
Fighting       | 2 4 |  4.1
Unarmed Combat | 4 |  4.8

Action                     |  1- 3 |  4- 6 |  7- 9 || total
---------------------------+-------+-------+-------++-------
  Melee: Unarmed           |   135 |   169 |    55 ||   359
         Tailslap          |     6 |    25 |    27 ||    58
         Punch             |     1 |     3 |     2 ||     6
         Kick              |       |    15 |    30 ||    45
         Peck              |       |     7 |    26 ||    33
         Flail             |       |       |    55 ||    55
  Throw: Dart              |       |       |     4 ||     4
Ability: Breathe Fire      |       |       |    11 ||    11
    Use: Potion            |       |     5 |       ||     5
         Scroll            |       |       |     9 ||     9
   Stab: Sleeping          |     1 |     2 |       ||     3
 Armour: Skin              |    64 |    85 |    94 ||   243
  Dodge: Dodged            |    71 |    84 |    63 ||   218
   Form: Flux              |       |       |     1 ||     1

Table legend: (Time is in decaauts)
 A = Elapsed time spent in this place.
 B = Non-inter-level travel time spent in this place.
 C = Inter-level travel time spent in this place.
 D = Time resting spent in this place.
 E = Time spent auto-exploring this place.
 F = Levels seen in this place.
 G = Mean time per level.
                   A        B        C        D        E       F      G
               +--------+--------+--------+--------+--------+-----+--------+
         Total |   6427 |   6221 |    206 |    261 |   4917 |   7 |  918.1 |
       Dungeon |   6427 |   6221 |    206 |    261 |   4917 |   7 |  918.1 |
               +--------+--------+--------+--------+--------+-----+--------+

Top non-repeatable levels by time:
     D:5: 1364 daAuts
     D:4: 1233 daAuts
     D:6: 1170 daAuts
     D:1: 976 daAuts
     D:2: 932 daAuts
     D:3: 731 daAuts
     D:7: 17 daAuts
